[Event "Titled Tuesday Blitz August 1 Early 2023"]
[White "EsmeraldasAnderson03"]
[Black "Palczert, Matyas"]
[BlackFideId "784958"]
[WhiteElo "2445"]
[BlackElo "2544"]
[Result "0-1"]
[Round "11"]
[TimeControl "180+1"]
[Date "2023.08.01"]
[WhiteClock "0:01:06"]
[BlackClock "0:00:10"]
[Board "89"]

1. d4 Nf6 2. Nf3 e6 3. c4 c5 4. d5 exd5 5. cxd5 d6 6. Nc3 g6 7. e4 Bg7 8. Nd2 a6 9. a4 O-O 10. Be2 Nbd7 11. O-O Qe7 12. Qc2 Ne5 13. h3 g5 14. Nc4 Nxc4 15. Bxc4 Nd7 16. Bd2 Ne5 17. Be2 f5 18. a5 g4 19. hxg4 fxg4 20. g3 h5 21. Bf4 h4 22. Nd1 Nf3+ 23. Bxf3 gxf3 24. Ne3 hxg3 25. fxg3 Bd4 26. Rxf3 Bg4 27. Rf2 Rxf4 28. gxf4 Bxe3 29. Kf1 Bxf2 30. Kxf2 Qh4+ 31. Kg1 Kf7 32. Qh2 Bh3 33. Kh1 Rg8 34. Rg1 Rxg1+ 35. Qxg1 Bg4+ 36. Qh2 Bf3+ 37. Kg1 Qe1# 0-1


[Site "https://www.chess.com"]

[Event "Titled Tuesday Blitz August 1 Early 2023"]
[White "Andreev, Konstantin"]
[Black "Vivas Zamora, Fabian Ernesto"]
[WhiteFideId "24239305"]
[BlackFideId "3902480"]
[WhiteElo "2543"]
[BlackElo "2438"]
[Result "0-1"]
[Round "11"]
[TimeControl "180+1"]
[Date "2023.08.01"]
[WhiteClock "0:00:37"]
[BlackClock "0:00:13"]
[Board "90"]

1. e4 c5 2. Nf3 d6 3. d4 cxd4 4. Nxd4 Nf6 5. Nc3 g6 6. Be3 Bg7 7. f3 O-O 8. Bc4 Nc6 9. Qd2 Nxd4 10. Bxd4 Be6 11. Bxe6 fxe6 12. h4 Nh5 13. O-O-O Qa5 14. Kb1 Rac8 15. g4 Ng3 16. Bxg7 Kxg7 17. Rh3 Rxf3 18. h5 Qe5 19. hxg6 hxg6 20. Qg2 Rfxc3 21. bxc3 Nxe4 22. Rdh1 Nxc3+ 23. Kc1 Nxa2+ 24. Kd1 Nc3+ 25. Kc1 Qf4+ 26. Qd2 Qxd2+ 27. Kxd2 Ne4+ 28. Ke3 Ng5 29. R3h2 e5 30. Ra1 a6 31. Rb1 b5 32. Ra1 Rc6 33. Rf2 d5 34. Kd3 Ne6 35. Rff1 Nf4+ 36. Kd2 g5 37. Rfe1 Kf6 38. Ra5 Ne6 39. Rf1+ Kg6 40. Rf5 Nc5 41. Rxe5 Ne4+ 42. Kc1 e6 43. Ra3 Kf6 44. Rxe4 dxe4 45. Kd1 Ke5 46. Ke2 Rxc2+ 47. Ke3 Rc6 48. Rb3 Rb6 49. Rc3 b4 50. Rc5+ Kd6 51. Rc1 b3 52. Kxe4 b2 53. Rb1 a5 54. Kd3 a4 55. Kc3 a3 56. Rd1+ Ke5 57. Kc2 b1=Q+ 58. Rxb1 Rxb1 59. Kxb1 Kf4 60. Ka2 e5 61. Kxa3 0-1


[Site "https://www.chess.com"]

[Event "Titled Tuesday Blitz August 1 Early 2023"]
[White "Tsyhanchuk, Stanislav"]
[Black "To, Nhat Minh"]
[WhiteFideId "13505130"]
[BlackFideId "729019"]
[WhiteElo "2431"]
[BlackElo "2540"]
[Result "0-1"]
[Round "11"]
[TimeControl "180+1"]
[Date "2023.08.01"]
[WhiteClock "0:00:08"]
[BlackClock "0:00:12"]
[Board "91"]

1. c4 b6 2. Nc3 Bb7 3. d4 e6 4. e4 Bb4 5. Bd3 Nc6 6. Ne2 e5 7. d5 Nd4 8. O-O Bxc3 9. bxc3 Nxe2+ 10. Qxe2 d6 11. f4 Qe7 12. fxe5 dxe5 13. a4 c5 14. a5 h6 15. Qc2 Nf6 16. axb6 a6 17. Qf2 O-O 18. Bxh6 Ng4 19. Qe2 Nxh6 20. Rf3 f6 21. Rg3 f5 22. Qh5 f4 23. Rg6 Kh7 24. Re6 Qf7 25. Qxe5 Rae8 26. Rxe8 Rxe8 27. Qg5 Kg8 28. e5 Qe7 29. Qxe7 Rxe7 30. e6 Ng4 31. Bg6 Ne5 32. Be4 Nxc4 33. d6 Nxd6 34. Bxb7 Nxb7 35. Rxa6 Rxe6 36. Kf2 Kf7 37. Kf3 g5 38. Kg4 Kf6 39. h4 gxh4 40. Kxf4 Nd8 41. Ra8 Rd6 42. Rb8 Nc6 43. Rc8 Na5 44. Rxc5 Nb7 45. Rb5 Rc6 46. Rb3 Rc4+ 47. Ke3 Ke5 48. Kd3 Rc6 49. Rb5+ Kf4 50. c4 Kg3 51. Rg5+ Kf2 52. Rb5 Kxg2 53. Kd4 h3 54. Kd5 Rd6+ 55. Ke5 h2 56. Rb2+ Kg3 57. Rxh2 Kxh2 58. c5 Rc6 59. Kd4 Rxc5 60. Kd3 Kg3 61. Kd4 Kf4 62. Kd3 Ke5 63. Ke3 Kd6 64. Kd3 Kc6 65. Ke3 Kxb6 66. Kd3 Kc6 67. Ke3 Kd6 0-1


[Site "https://www.chess.com"]

[Event "Titled Tuesday Blitz August 1 Early 2023"]
[White "Nurgaliyeva, Zarina"]
[Black "Begunov, Konstantin"]
[WhiteFideId "13730096"]
[BlackFideId "4118510"]
[WhiteElo "2532"]
[BlackElo "2416"]
[Result "0-1"]
[Round "11"]
[TimeControl "180+1"]
[Date "2023.08.01"]
[WhiteClock "0:00:14"]
[BlackClock "0:00:11"]
[Board "92"]

1. e4 c5 2. Nf3 d6 3. Bb5+ Bd7 4. Bxd7+ Qxd7 5. c4 Nf6 6. Nc3 Nc6 7. d4 cxd4 8. Nxd4 Qg4 9. Qxg4 Nxg4 10. Nc2 Nce5 11. f3 Nd3+ 12. Ke2 Nge5 13. b3 Nxc1+ 14. Rhxc1 Rc8 15. Ne3 e6 16. Rd1 a6 17. Rac1 Be7 18. f4 Nd7 19. g3 h5 20. Kf3 g6 21. Rd2 f5 22. Rcd1 Nc5 23. b4 fxe4+ 24. Nxe4 Nxe4 25. Kxe4 b5 26. cxb5 axb5 27. Rc2 Kd7 28. Rdc1 Rxc2 29. Rxc2 Ra8 30. Nd1 Ra3 31. Nc3 Bf6 32. Kd3 d5 33. Kd2 Bxc3+ 34. Rxc3 Rxa2+ 35. Kd3 Rxh2 36. Rc5 Rg2 37. Rxb5 Rxg3+ 38. Kd4 Rf3 39. Ke5 Re3+ 40. Kf6 Re4 41. Kxg6 Rxf4 42. Kxh5 Kd6 43. Kg5 Rf1 44. Rb8 d4 45. b5 Kc7 46. Re8 Kd7 47. Ra8 Rf5+ 48. Kg4 Rxb5 49. Ra4 Rd5 50. Kf3 Kd6 51. Ke4 d3 52. Ra1 d2 53. Rd1 Ke7 54. Ke3 Kf6 55. Rxd2 Rxd2 56. Kxd2 Kf5 57. Ke3 Ke5 58. Kd3 Kf4 0-1


[Site "https://www.chess.com"]

[Event "Titled Tuesday Blitz August 1 Early 2023"]
[White "Toropov, Pavel"]
[Black "Ladan, Nicholas"]
[WhiteFideId "24129178"]
[BlackFideId "30918855"]
[WhiteElo "2530"]
[BlackElo "2416"]
[Result "1-0"]
[Round "11"]
[TimeControl "180+1"]
[Date "2023.08.01"]
[WhiteClock "0:01:36"]
[BlackClock "0:01:47"]
[Board "93"]

1. e4 e5 2. Nf3 Nc6 3. d4 exd4 4. Nxd4 Bc5 5. Nb3 Bb6 6. Nc3 Nge7 7. Qe2 O-O 8. Be3 f5 9. O-O-O f4 10. Bxb6 axb6 11. Qd2 d6 12. g3 Ng6 13. h4 Bg4 14. h5 Bxd1 15. hxg6 Bf3 16. Bc4+ Rf7 17. Bxf7+ Kf8 18. Rxh7 fxg3 19. Nd5 Qh4 20. Rxh4 Bh5 21. Rxh5 g2 22. Rh8# 1-0


[Site "https://www.chess.com"]

[Event "Titled Tuesday Blitz August 1 Early 2023"]
[White "Sreyas Payyappat"]
[Black "Gombocz, Ferenc Jr."]
[WhiteFideId "46674969"]
[BlackFideId "775029"]
[WhiteElo "2521"]
[BlackElo "2404"]
[Result "1-0"]
[Round "11"]
[TimeControl "180+1"]
[Date "2023.08.01"]
[WhiteClock "0:00:27"]
[BlackClock "0:00:06"]
[Board "94"]

1. e4 e5 2. Nf3 Nc6 3. Bc4 Nf6 4. d4 exd4 5. e5 d5 6. Bb5 Ne4 7. Nxd4 Bc5 8. Be3 O-O 9. Nxc6 bxc6 10. Bxc5 Nxc5 11. Bxc6 Rb8 12. Qxd5 Qxd5 13. Bxd5 Rxb2 14. Na3 Ba6 15. O-O-O Rb6 16. f4 Na4 17. Bb3 Nc3 18. Rd7 Ne2+ 19. Kb2 Nxf4 20. Rxc7 Rb7 21. Rc6 Rb6 22. Rc7 Rb7 23. Rxb7 Bxb7 24. Rf1 Ng6 25. e6 fxe6 26. Bxe6+ Kh8 27. Rxf8+ Nxf8 28. Bh3 g5 29. c4 Ng6 30. c5 Nf4 31. Kc3 h5 32. Bd7 Bxg2 33. c6 Kg7 34. Nb5 Nd5+ 35. Kd4 Nb6 36. c7 Bb7 37. Nd6 Nxd7 38. Nxb7 Nb6 39. Nd6 Kf6 40. c8=Q Nxc8 41. Nxc8 a6 42. Nd6 Ke6 43. Ne4 Kf5 44. Ke3 g4 45. Nd6+ Ke5 46. Nf7+ Kf5 47. Nd6+ Ke5 48. Nc4+ Kd5 49. Nd2 h4 50. Kf4 g3 51. h3 Kd4 52. Nf3+ Kd3 53. Nxh4 1-0


[Site "https://www.chess.com"]

[Event "Titled Tuesday Blitz August 1 Early 2023"]
[White "Mikhalsky, Vladimir"]
[Black "Shubenkova, Veronika"]
[WhiteFideId "14144352"]
[BlackFideId "44124040"]
[WhiteElo "2399"]
[BlackElo "2512"]
[Result "0-1"]
[Round "11"]
[TimeControl "180+1"]
[Date "2023.08.01"]
[WhiteClock "0:00:08"]
[BlackClock "0:01:40"]
[Board "95"]

1. d4 d5 2. c4 e6 3. Nf3 f5 4. g3 Nf6 5. Bg2 c6 6. O-O Bd6 7. b3 O-O 8. Ba3 Bxa3 9. Nxa3 Qd6 10. Qc1 Nbd7 11. Nc2 Ne4 12. Qf4 Qe7 13. h4 h6 14. Ne5 Nxe5 15. Qxe5 Bd7 16. Rad1 g5 17. hxg5 hxg5 18. Bxe4 fxe4 19. Ne3 Qg7 20. Qxg7+ Kxg7 21. Ng4 Rh8 22. Kg2 Rag8 23. Rh1 Be8 24. Rxh8 Rxh8 25. Ne3 Kf6 26. a4 Bf7 27. a5 a6 28. g4 Rh4 29. Kg3 Rh8 30. Ra1 e5 31. dxe5+ Kxe5 32. cxd5 cxd5 33. Ra4 d4 34. Nc4+ Bxc4 35. Rxc4 Rd8 36. Rc5+ Ke6 37. f4 d3 38. exd3 Rxd3+ 39. Kf2 gxf4 40. Rc7 Rxb3 41. Rc8 Rb2+ 42. Ke1 Ke5 43. Re8+ Kd4 44. g5 Ke3 45. Kd1 Rd2+ 46. Kc1 Rg2 47. Re7 f3 48. Rxb7 f2 49. Rb3+ Kf4 0-1


[Site "https://www.chess.com"]

[Event "Titled Tuesday Blitz August 1 Early 2023"]
[White "Molenda, Marcin"]
[Black "Buscar, Michael"]
[WhiteFideId "1173065"]
[BlackFideId "2603616"]
[WhiteElo "2509"]
[BlackElo "2393"]
[Result "1-0"]
[Round "11"]
[TimeControl "180+1"]
[Date "2023.08.01"]
[WhiteClock "0:00:44"]
[BlackClock "0:00:55"]
[Board "96"]

1. e4 c5 2. Nc3 g6 3. f4 Bg7 4. Nf3 Nc6 5. a4 Nd4 6. Bc4 e6 7. O-O Ne7 8. e5 Nxf3+ 9. Qxf3 O-O 10. Ne4 Rb8 11. Qh3 f6 12. exf6 Bxf6 13. Nxf6+ Rxf6 14. d3 d5 15. Ba2 b5 16. axb5 Rxb5 17. c4 Ra5 18. cxd5 exd5 19. Qf3 Rfa6 20. f5 Bxf5 21. Bg5 Rxa2 22. Rxa2 Rxa2 23. Re1 Qa5 24. Rxe7 Ra1+ 25. Kf2 c4 26. Qe3 Qb6 27. Re8+ Kf7 28. Re7+ Kf8 29. Bh6+ Kg8 30. Re8+ Kf7 31. Rf8# 1-0


[Site "https://www.chess.com"]

[Event "Titled Tuesday Blitz August 1 Early 2023"]
[White "AndresDelgado77"]
[Black "Malka, Samuel"]
[BlackFideId "20643675"]
[WhiteElo "2350"]
[BlackElo "2507"]
[Result "1-0"]
[Round "11"]
[TimeControl "180+1"]
[Date "2023.08.01"]
[WhiteClock "0:01:55"]
[BlackClock "0:00:18"]
[Board "97"]

1. e4 c5 2. Nf3 Nc6 3. b4 cxb4 4. d4 d5 5. exd5 Qxd5 6. c4 bxc3 7. Nxc3 Qa5 8. Bd2 e6 9. d5 exd5 10. Bb5 Bb4 11. O-O Bxc3 12. Bxc6+ bxc6 13. Qe1+ Ne7 14. Bxc3 Qa3 15. Bb4 Qxb4 16. Qxb4 Be6 17. Nd4 Rc8 18. Nxe6 fxe6 19. Rfe1 Kd7 20. Rxe6 c5 21. Qg4 Nc6 22. Rae1 Kc7 23. Qxg7+ Kb8 24. Rxc6 1-0


[Site "https://www.chess.com"]

[Event "Titled Tuesday Blitz August 1 Early 2023"]
[White "Warchol, Kamil"]
[Black "KrokerGuy"]
[WhiteFideId "21858241"]
[WhiteElo "2301"]
[BlackElo "2502"]
[Result "1-0"]
[Round "11"]
[TimeControl "180+1"]
[Date "2023.08.01"]
[WhiteClock "0:00:20"]
[BlackClock "0:00:00"]
[Board "98"]

1. e4 e5 2. Nf3 Nc6 3. d4 exd4 4. Nxd4 Nf6 5. Nxc6 bxc6 6. e5 Qe7 7. Qe2 Nd5 8. h4 d6 9. c4 Ba6 10. exd6 cxd6 11. Qxe7+ Nxe7 12. Nc3 g6 13. Bf4 O-O-O 14. O-O-O d5 15. cxd5 Bxf1 16. Rhxf1 Nxd5 17. Nxd5 cxd5 18. Kb1 Bd6 19. Bg5 Rd7 20. Rxd5 Re8 21. Rfd1 Re6 22. Bf4 Bxf4 23. Rxd7 Re2 24. Rxf7 Be5 25. Rc1+ Kd8 26. Rb7 Rxf2 27. g4 h5 28. gxh5 gxh5 29. Rc5 Re2 30. Rbb5 Bf6 31. Rxh5 Kc7 32. Rb3 Rf2 33. Rh7+ Kc6 34. h5 a5 35. a4 Kc5 36. h6 Kc4 37. Rb5 Rf1+ 38. Ka2 Bd4 39. Rc7+ Kd3 40. Rd7 Rh1 41. Rbd5 Kc2 42. Rxd4 Rh2 43. Rd2+ 1-0


[Site "https://www.chess.com"]

[Event "Titled Tuesday Blitz August 1 Early 2023"]
[White "Preobrazhenska_D2011"]
[Black "Romero Pallares, Daniel"]
[BlackFideId "32025637"]
[WhiteElo "2195"]
[BlackElo "2462"]
[Result "0-1"]
[Round "11"]
[TimeControl "180+1"]
[Date "2023.08.01"]
[WhiteClock "0:00:00"]
[BlackClock "0:00:31"]
[Board "99"]

1. e4 g6 2. d4 Bg7 3. Nf3 d6 4. Be2 Nf6 5. Nc3 O-O 6. O-O Bg4 7. h3 Bxf3 8. Bxf3 Nc6 9. Be3 Re8 10. Be2 e5 11. d5 Nd4 12. Bd3 c5 13. f4 exf4 14. Bxf4 Nh5 15. Be3 Be5 16. Nb5 Nxb5 17. Bxb5 Rf8 18. Qg4 a6 19. Bd3 Qe7 20. Bg5 f6 21. Bh6 Rfe8 22. c3 b5 23. Bd2 Rab8 24. Rf3 a5 25. Raf1 b4 26. cxb4 axb4 27. b3 Ra8 28. Bb1 Rf8 29. Qh4 Bd4+ 30. Kh1 Rf7 31. g4 Ng7 32. g5 Raf8 33. Qg4 Nh5 34. gxf6 Nxf6 35. Qg2 Nh5 36. Bg5 Qe5 37. Bh4 Rf4 38. Rxf4 Rxf4 39. Be1 Bc3 40. Bxc3 Qxc3 41. Rd1 Qe3 42. Qg1 Ng3+ 43. Kh2 Rf2+ 0-1


[Site "https://www.chess.com"]

[Event "Titled Tuesday Blitz August 1 Early 2023"]
[White "Necromon"]
[Black "Fiorito, Joaquin"]
[BlackFideId "180173"]
[WhiteElo "2432"]
[BlackElo "2680"]
[Result "0-1"]
[Round "11"]
[TimeControl "180+1"]
[Date "2023.08.01"]
[WhiteClock "0:01:51"]
[BlackClock "0:02:15"]
[Board "100"]

1. Nf3 d5 2. b3 c5 3. Bb2 f6 4. e3 e5 5. d4 cxd4 6. exd4 e4 7. Nfd2 f5 8. c4 Nf6 9. Nc3 Na6 10. cxd5 Nc7 11. Bc4 Bb4 12. O-O Bxc3 13. Bxc3 Ncxd5 14. Bb2 O-O 15. Rc1 Be6 16. Re1 Qd7 17. Nf1 f4 18. g3 f3 19. Ne3 Nxe3 20. Rxe3 Bxc4 21. bxc4 Rfe8 22. d5 Ng4 23. Rb3 Qf7 24. Qf1 e3 25. fxe3 f2+ 26. Kh1 Nxe3 27. Rxe3 Rxe3 28. Bd4 Qf3+ 29. Qg2 Re1+ 0-1


[Site "https://www.chess.com"]

[Event "Titled Tuesday Blitz August 1 Early 2023"]
[White "Bogaudinov, Rushan"]
[Black "Kvaloy, Aksel Bu"]
[WhiteFideId "4129288"]
[BlackFideId "1528815"]
[WhiteElo "2432"]
[BlackElo "2606"]
[Result "0-1"]
[Round "11"]
[TimeControl "180+1"]
[Date "2023.08.01"]
[WhiteClock "0:00:00"]
[BlackClock "0:00:05"]
[Board "101"]

1. e4 g6 2. h4 Bg7 3. h5 c6 4. d3 d5 5. h6 Bf8 6. Nc3 e6 7. Nf3 Nd7 8. d4 Bb4 9. e5 Ne7 10. a3 Bxc3+ 11. bxc3 Nb6 12. Bg5 Nd7 13. Qb1 b6 14. a4 a5 15. Bd3 Qc7 16. Qc1 Ba6 17. Qa3 c5 18. O-O Bxd3 19. cxd3 Nc6 20. Rab1 O-O 21. Rfc1 Rab8 22. dxc5 bxc5 23. d4 c4 24. Rb5 Na7 25. Rb2 Rxb2 26. Qxb2 Rb8 27. Qd2 Nc6 28. g4 Rb3 29. Kg2 Qb8 30. Qf4 Rb2 31. Bh4 f5 32. gxf5 exf5 33. Bg3 Nf8 34. Ng5 Nd8 35. Qf3 Qb7 36. e6 Ndxe6 37. Nxe6 Nxe6 38. Re1 Ng5 39. Re8+ Kf7 40. Qe3 Ne4 41. Rh8 Kf6 42. Qf4 Qe7 43. Qe5+ Qxe5 44. Bxe5+ Kg5 45. Rxh7 Rxf2+ 46. Kg1 Rc2 47. Rh8 Nxc3 48. h7 Kh6 49. Bf4+ Kg7 50. Be5+ Kh6 51. Bf4+ g5 52. Bxg5+ Kg7 53. Bf4 Kxh8 0-1


[Site "https://www.chess.com"]

[Event "Titled Tuesday Blitz August 1 Early 2023"]
[White "Belov, Alexei"]
[Black "Herman, Daniel"]
[WhiteFideId "4128206"]
[BlackFideId "30935008"]
[WhiteElo "2584"]
[BlackElo "2442"]
[Result "1-0"]
[Round "11"]
[TimeControl "180+1"]
[Date "2023.08.01"]
[WhiteClock "0:00:22"]
[BlackClock "0:00:13"]
[Board "102"]

1. e4 e5 2. Nf3 Nc6 3. Bb5 a6 4. Ba4 Nf6 5. d4 b5 6. Bb3 Nxd4 7. Nxd4 exd4 8. e5 Ne4 9. Bd5 Nc5 10. Bxa8 c6 11. Qxd4 a5 12. O-O Ba6 13. Bd2 b4 14. a3 Bxf1 15. axb4 Ne6 16. Qa7 Bc4 17. Rxa5 Be7 18. Na3 Be2 19. Qe3 Bh5 20. Bb7 O-O 21. Ba6 Qb8 22. c3 Bg6 23. Bd3 d6 24. Bxg6 hxg6 25. exd6 Bxd6 26. g3 Re8 27. Qf3 c5 28. b5 Rd8 29. Nc4 Bf8 30. b6 Rd7 31. Ra8 Qb7 32. Qxb7 Rxb7 33. Be3 f6 34. b4 cxb4 35. cxb4 Kf7 36. Na5 Rd7 37. b7 Bd6 38. b8=Q Bxb8 39. Rxb8 Nc7 40. Rb7 Ke6 41. Kg2 Nd5 42. Rxd7 Kxd7 43. b5 Kc7 44. Nc4 g5 45. b6+ Kb7 46. Nd6+ Kc6 47. b7 Kc7 48. Bc5 Ne7 49. Nb5+ Kxb7 50. Bxe7 Kc6 51. Nc3 Kd7 52. Bf8 g6 53. Bg7 Ke6 54. Ne4 f5 55. Nxg5+ Kd5 56. h4 Kd6 57. Kf3 Ke7 58. Bc3 Kd6 59. Kf4 Ke7 60. Ke5 Kf8 61. Kf6 Kg8 62. Kxg6 Kf8 63. h5 Kg8 64. h6 Kf8 65. h7 Ke7 66. h8=Q Kd6 67. Qe5+ Kc6 68. Qe6+ Kc7 69. Be5+ Kb7 70. Qd6 Ka7 71. Qb4 Ka8 72. Ne6 Ka7 73. Bd4+ Ka6 74. Nc7# 1-0


[Site "https://www.chess.com"]

[Event "Titled Tuesday Blitz August 1 Early 2023"]
[White "Kazakov, Mikhail"]
[Black "Shukhman, Anna"]
[WhiteFideId "14102749"]
[BlackFideId "54180058"]
[WhiteElo "2431"]
[BlackElo "2571"]
[Result "0-1"]
[Round "11"]
[TimeControl "180+1"]
[Date "2023.08.01"]
[WhiteClock "0:00:50"]
[BlackClock "0:01:46"]
[Board "103"]

1. d4 Nf6 2. c4 g6 3. Nc3 d5 4. cxd5 Nxd5 5. e4 Nxc3 6. bxc3 Bg7 7. Be3 c5 8. Qd2 O-O 9. Nf3 Qa5 10. Rc1 Bg4 11. Be2 Bxf3 12. Bxf3 cxd4 13. cxd4 Qxd2+ 14. Kxd2 Nc6 15. d5 Rfd8 16. Ke2 Nd4+ 17. Bxd4 Bxd4 18. Rc7 Bf6 19. Rxb7 Rac8 20. Rd1 a5 21. Rd2 Rc1 22. g3 Rdc8 23. e5 Bxe5 24. Rxe7 Bc3 25. Rd1 Bb4 26. Rxc1 Rxc1 27. Re8+ Kg7 28. Kd3 Rc3+ 29. Kd4 Rxf3 0-1


[Site "https://www.chess.com"]

[Event "Titled Tuesday Blitz August 1 Early 2023"]
[White "Hajiyev, Kanan"]
[Black "Al Mukhaini, Shima"]
[WhiteFideId "13404148"]
[BlackFideId "22005854"]
[WhiteElo "2543"]
[BlackElo "2420"]
[Result "0-1"]
[Round "11"]
[TimeControl "180+1"]
[Date "2023.08.01"]
[WhiteClock "0:00:35"]
[BlackClock "0:00:26"]
[Board "104"]

1. d4 Nf6 2. Nf3 e6 3. c4 d5 4. cxd5 exd5 5. Nc3 c6 6. Qc2 Bd6 7. Bg5 O-O 8. e3 h6 9. Bh4 Re8 10. Bd3 Nbd7 11. O-O Nf8 12. Rab1 Ne6 13. Ne5 Qc7 14. f4 Nd7 15. Nxf7 Kxf7 16. Bg6+ Kf8 17. Bxe8 Kxe8 18. Qg6+ Kf8 19. f5 Bxh2+ 20. Kh1 Ng5 21. Bxg5 hxg5 22. e4 dxe4 23. Nxe4 Nf6 24. Nxf6 gxf6 25. Qxf6+ Qf7 26. Qh8+ Ke7 27. Rbe1+ Kd7 28. Kxh2 b6 29. f6 Bb7 30. Re7+ Qxe7 31. Qg7 Qxg7 32. fxg7 Ke7 33. Kg3 Rg8 34. Kg4 Rxg7 35. Re1+ Kd6 36. Kf5 g4 37. Kf6 Rg8 38. Kf7 Rg5 39. Kf6 Rh5 40. Re5 Rh2 41. Re2 g3 42. Kg5 c5 43. dxc5+ Kxc5 44. Kf4 Rxg2 45. Re7 Bc6 46. Rxa7 Rg1 47. Rc7 g2 48. b4+ Kd6 49. Rg7 Rf1+ 50. Ke3 g1=Q+ 51. Rxg1 Rxg1 52. Kd4 Ra1 53. b5 Bxb5 54. Kc3 Rxa2 55. Kb4 Rb2+ 56. Ka3 Rb1 57. Ka2 Bd3 58. Ka3 Kc5 59. Ka2 Kc4 60. Ka3 b5 61. Ka2 Kc3 62. Ka3 Ra1# 0-1


[Site "https://www.chess.com"]

[Event "Titled Tuesday Blitz August 1 Early 2023"]
[White "Dinosaurio_1975"]
[Black "Bouget, Alexandre"]
[BlackFideId "681318"]
[WhiteElo "2540"]
[BlackElo "2416"]
[Result "1-0"]
[Round "11"]
[TimeControl "180+1"]
[Date "2023.08.01"]
[WhiteClock "0:00:07"]
[BlackClock "0:00:00"]
[Board "105"]

1. e4 g6 2. d4 Bg7 3. Nc3 d6 4. f4 a6 5. Nf3 b5 6. Bd3 Nd7 7. a4 b4 8. Ne2 c5 9. c3 Bb7 10. O-O Ngf6 11. e5 Nd5 12. Ng5 O-O 13. e6 fxe6 14. Nxe6 Qb6 15. Nxf8 Rxf8 16. Bc4 Kh8 17. Kh1 N7f6 18. dxc5 Qxc5 19. Qd4 Ng4 20. Qxc5 dxc5 21. Bxd5 Bxd5 22. h3 Ne5 23. Be3 Nc4 24. Bxc5 Nxb2 25. cxb4 Nd3 26. Rad1 Bc4 27. Rf3 Nb2 28. Rd2 Re8 29. Bd4 Nxa4 30. Bxg7+ Kxg7 31. Nc3 Nxc3 32. Rxc3 Bb5 33. Re3 Kf6 34. Rd5 e6 35. Rde5 Bc4 36. g4 Rb8 37. g5+ Ke7 38. R3e4 Rxb4 39. Rxe6+ Kd7 40. Re7+ Kd6 41. Kh2 Rb2+ 42. Kg3 Bd5 43. R4e5 Rg2+ 44. Kh4 Rf2 45. Re3 Rxf4+ 46. Kg3 Rf1 47. Rxh7 Rg1+ 48. Kf4 Rf1+ 49. Kg4 Rg1+ 50. Rg3 Rb1 51. h4 Be6+ 52. Kf3 Bd5+ 53. Kf2 Rb2+ 54. Kg1 a5 55. Ra7 Rb1+ 56. Kf2 Rb2+ 57. Ke1 Rb1+ 58. Kd2 Rb5 59. Rd3 Kc5 60. Rc7+ Kb6 61. Rd7 Bc6 62. R7d6 Rb4 63. Rxg6 Rxh4 64. Rdd6 Rc4 65. Rxc6+ Rxc6 66. Rxc6+ Kxc6 67. g6 a4 68. g7 1-0


[Site "https://www.chess.com"]

[Event "Titled Tuesday Blitz August 1 Early 2023"]
[White "Ganiev, Roman"]
[Black "Llanos, Guillermo"]
[WhiteFideId "4131452"]
[BlackFideId "100358"]
[WhiteElo "2524"]
[BlackElo "2386"]
[Result "0-1"]
[Round "11"]
[TimeControl "180+1"]
[Date "2023.08.01"]
[WhiteClock "0:00:00"]
[BlackClock "0:00:13"]
[Board "106"]

1. e4 Nf6 2. e5 Nd5 3. c4 Nb6 4. d4 d6 5. exd6 cxd6 6. Nc3 g6 7. Be3 Bg7 8. Rc1 O-O 9. Be2 d5 10. c5 Nc4 11. Bxc4 dxc4 12. Nge2 Bf5 13. O-O Bd3 14. Re1 Nc6 15. d5 Nb4 16. Nf4 Bxc3 17. Rxc3 Nxd5 18. Nxd5 Qxd5 19. b3 Rad8 20. bxc4 Bxc4 21. Qa4 Ba6 22. h4 Rfe8 23. c6 Bb5 24. Qxa7 Bxc6 25. f3 Ra8 26. Qd4 Qxd4 27. Bxd4 Rxa2 28. Rce3 e6 29. Bf6 h5 30. Rd3 Ra5 31. Red1 Rf5 32. Bb2 Rd5 33. Rxd5 Bxd5 34. Bf6 Rc8 35. Ra1 Kf8 36. Kf2 Ke8 37. Ke3 Kd7 38. g4 hxg4 39. fxg4 Rc4 40. h5 Rxg4 41. h6 Rg3+ 42. Kf4 Rh3 43. Bg7 Rh5 44. Ra8 f6 45. Rf8 e5+ 46. Ke3 f5 47. Rh8 f4+ 48. Kf2 g5 49. Bxe5 Ke6 50. Bd4 Be4 51. Bg7 Kf5 52. Rf8+ Kg4 53. Re8 Bc2 54. Ke1 Rh2 55. Rf8 f3 56. Bd4 Rxh6 57. Kd2 Rh2+ 58. Kc3 Be4 59. Be5 Rg2 60. Bd4 Bc6 61. Kb4 Kg3 62. Be5+ Kg4 63. Bd4 Re2 64. Kc3 Kg3 65. Bc5 g4 66. Bd6+ Kg2 67. Bc5 g3 68. Kd3 Ra2 69. Bb6 f2 70. Kc3 Bf3 0-1


[Site "https://www.chess.com"]

[Event "Titled Tuesday Blitz August 1 Early 2023"]
[White "Nosacheva, Mariya"]
[Black "Chor, Kevin"]
[WhiteFideId "34111422"]
[BlackFideId "2090740"]
[WhiteElo "2381"]
[BlackElo "2521"]
[Result "0-1"]
[Round "11"]
[TimeControl "180+1"]
[Date "2023.08.01"]
[WhiteClock "0:00:00"]
[BlackClock "0:00:07"]
[Board "107"]

1. e4 c5 2. Nf3 Nc6 3. d4 cxd4 4. Nxd4 e5 5. Nb5 d6 6. c4 Nf6 7. Bd3 a6 8. N5c3 Be6 9. O-O Be7 10. Nd5 O-O 11. Nbc3 Nd4 12. Nxe7+ Qxe7 13. Bg5 h6 14. Be3 Rac8 15. Nd5 Bxd5 16. exd5 Nd7 17. f4 Rfe8 18. Rc1 Nc5 19. Bb1 a5 20. Bxd4 exd4 21. Qxd4 Qe2 22. f5 Re5 23. f6 g6 24. Rf3 Ne4 25. c5 Rxc5 26. Rxc5 dxc5 27. Qd3 Qxd3 28. Bxd3 Nd6 29. g4 Rxd5 30. Kf2 c4 31. Be2 Rd2 32. b3 cxb3 33. axb3 Rb2 34. Rd3 Ne4+ 35. Ke3 Nxf6 36. h4 Kg7 37. g5 hxg5 38. hxg5 Nh5 39. Rc3 Ng3 40. Bb5 Nf5+ 41. Kf4 Rf2+ 42. Ke5 Rb2 43. Rc7 Rxb3 44. Bc4 Re3+ 45. Kf4 Re7 46. Rc5 Rd7 47. Rxa5 Rd4+ 48. Ke5 Rxc4 49. Rb5 Rc7 50. Rb6 Re7+ 51. Kd5 Rd7+ 52. Ke5 Ne7 53. Rb1 Nc6+ 54. Kf4 Nd4 55. Ke5 Ne6 0-1


[Site "https://www.chess.com"]

[Event "Titled Tuesday Blitz August 1 Early 2023"]
[White "NigelDwarf"]
[Black "Rodriguez Santiago, Jaime"]
[BlackFideId "3100898"]
[WhiteElo "2506"]
[BlackElo "2374"]
[Result "1-0"]
[Round "11"]
[TimeControl "180+1"]
[Date "2023.08.01"]
[WhiteClock "0:00:07"]
[BlackClock "0:00:04"]
[Board "108"]

1. Nf3 Nf6 2. c4 e6 3. Nc3 d5 4. e3 c5 5. cxd5 exd5 6. Bb5+ Nc6 7. Bxc6+ bxc6 8. O-O Bd6 9. b3 O-O 10. Ba3 Bg4 11. h3 Bh5 12. Na4 Qe7 13. Rc1 Ne4 14. g4 Bg6 15. d3 Ng5 16. Nxg5 Qxg5 17. Bxc5 Bxc5 18. Nxc5 h5 19. Kg2 f5 20. Ne6 Qe7 21. Nxf8 Rxf8 22. gxh5 Qg5+ 23. Kh2 Bxh5 24. Rg1 Qh4 25. Qd2 f4 26. e4 Bf3 27. Rxc6 dxe4 28. Qb2 Rf7 29. Rcg6 Qh7 30. dxe4 Bxe4 31. R6g4 Bf5 32. Qe5 Bxg4 33. Rxg4 f3 34. Qe8+ Rf8 35. Qe6+ Kh8 36. Qe7 Kg8 37. Rh4 Qg6 38. Rg4 Qf6 39. Qxa7 Qe5+ 40. Rg3 Qe2 41. Qxg7# 1-0


[Site "https://www.chess.com"]

[Event "Titled Tuesday Blitz August 1 Early 2023"]
[White "Vifleemskaia, Svetlana"]
[Black "Kiremitciyan, Ari"]
[WhiteFideId "4129490"]
[BlackFideId "6373445"]
[WhiteElo "2348"]
[BlackElo "2490"]
[Result "1-0"]
[Round "11"]
[TimeControl "180+1"]
[Date "2023.08.01"]
[WhiteClock "0:01:55"]
[BlackClock "0:00:53"]
[Board "110"]

1. d4 Nf6 2. c4 e6 3. Nc3 Bb4 4. e3 O-O 5. Ne2 Re8 6. a3 Bf8 7. Ng3 d5 8. cxd5 exd5 9. Bd3 g6 10. O-O a5 11. b3 c6 12. Bb2 h5 13. h3 h4 14. Nge2 Bd6 15. Nf4 g5 16. Nh5 Bc7 17. Nxf6+ Qxf6 18. e4 Qf4 19. e5 g4 20. Bc1 1-0


[Site "https://www.chess.com"]